 Dungeon Crawl Stone Soup version 0.27-a0-773-gaaee5cf45b (webtiles) character file.

Game seed: 3737543576715885814

219 midi the Grave Robber (level 5, -3/42 HPs)
             Began as a Deep Dwarf Necromancer on Mar 25, 2021.
             Was a Follower of Makhleb.
             Slain by a water moccasin (8 damage)
             ... on level 7 of the Dungeon.
             The game lasted 00:14:46 (4641 turns).

midi the Grave Robber (Deep Dwarf Necromancer)      Turns: 4641, Time: 00:14:47

Health: -3/42      AC:  3    Str: 11    XL:     5   Next: 64%
Magic:  7/9        EV: 13    Int: 17    God:    Makhleb [*.....]
Gold:   146        SH:  0    Dex: 13    Spells: 9/10 levels left

rFire    . . .     SeeInvis .   s - staff of air
rCold    + . .     Faith    .   (no shield)
rNeg     . . .     Spirit   .   a - +0 robe
rPois    .         Reflect  .   (no helmet)
rElec    +         Harm     .   (no cloak)
rCorr    .         Rampage  .   e - +0 pair of gloves
Will     .....                  (no boots)
Stlth    ++........             (no amulet)
HPRegen  0.00/turn              k - ring of protection from cold
MPRegen  0.11/turn              (no ring)

@: lethally poisoned (-3 -> -3), non-regenerating
A: damage resistance, heal wounds, sense surroundings 1, no regeneration
a: Heal Wounds, Renounce Religion


You were on level 7 of the Dungeon.
You worshipped Makhleb.
Makhleb was aware of your devotion.
You visited 1 branch of the dungeon, and saw 5 of its levels.

You collected 146 gold pieces.

Inventory:

Missiles
 c - 74 stones
Armour
 a - a +0 robe (worn)
 e - a +0 pair of gloves (worn)
Magical Staves
 s - a staff of air (weapon)
Jewellery
 k - a ring of protection from cold (right hand)
Scrolls
 d - a scroll of fear {unknown}
 h - a scroll of immolation {unknown}
 m - a scroll of vulnerability {unknown}
 n - a scroll of brand weapon {unknown}
 o - a scroll of magic mapping {unknown}
 p - a scroll of teleportation {unknown}
 q - a scroll of identify {unknown}
Potions
 g - 2 potions of curing {unknown}
 i - a potion of flight {unknown}
 j - a potion of haste {unknown}
 l - a potion of brilliance {unknown}
 r - a potion of heal wounds {unknown}


   Skills:
 + Level 0.2 Fighting
 + Level 0.7 Polearms
 * Level 3.3 Dodging
 + Level 2.9 Stealth
 + Level 3.1 Spellcasting
 + Level 5.8 Necromancy


You had 9 spell levels left.
You knew the following spells:

 Your Spells              Type           Power      Damage    Failure   Level
a - Pain                  Necr           88%        1d8       1%          1

Your spell library contained the following spells:

 Spells                   Type           Power      Damage    Failure   Level
 Animate Skeleton         Necr           44%        N/A       1%          1
 Vampiric Draining        Necr           11%        2d7       4%          3
 Animate Dead             Necr           11%        N/A       16%         4
 Agony                    Necr           22%        N/A       41%         5


Dungeon Overview and Level Annotations

Branches:
Dungeon (4/15)
 Temple: D:4-7

Altars:
Ashenzari
Fedhas
Makhleb


Innate Abilities, Weirdness & Mutations

You are resistant to damage.
You can heal yourself by infusing magical energy.
You passively map a small area around you.
You do not regenerate.


Message History

Confirm with . or Enter, or press ? or * to list all spells.
Okay, then.
Drop what? 19/52 slots (_ for help) (? for menu, Esc to quit)
You drop a +0 spear.
You drop a +0 short sword.
A water moccasin comes into view.
A water moccasin is nearby!
The water moccasin hisses angrily.
You hear a howl!
A centaur skeleton comes into view. x2; A jelly comes into view.
Things that are here:
a +0 short sword; a +0 spear
Casting: Pain (safe; 1% risk of failure)
Confirm with . or Enter, or press ? or * to list all spells.
Aiming: Pain (safe; 1% risk of failure)
Press: ? - help, Shift-Dir - straight line, f - water moccasin
Aim: a water moccasin (chance to affect: 81%)
The water moccasin barely resists.
The water moccasin bites you but does no damage.
The water moccasin bites you.
You are poisoned.
The water moccasin poisons you!
Casting: Pain (safe; 1% risk of failure)
Confirm with . or Enter, or press ? or * to list all spells.
Aiming: Pain (safe; 1% risk of failure)
Press: ? - help, Shift-Dir - straight line, f/p - water moccasin
Aim: a water moccasin (chance to affect: 81%)
The water moccasin barely resists.
The water moccasin closely misses you. The water moccasin bites you!
You are more poisoned.
The water moccasin poisons you!
You closely miss the water moccasin. The water moccasin misses you.
You hit the water moccasin but do no damage.
The water moccasin bites you.
* * * LOW HITPOINT WARNING * * *
The water moccasin bites you!
* * * LOW HITPOINT WARNING * * *
You hit the water moccasin.
The water moccasin is lightly wounded.
The water moccasin bites you!
You die...

, #,* * #. ,
, *#. * *
#.#### ,, .
* *
...#####...
###.........
###.)...#
##SZ.##./..#
*
#@#####.####
#....# ,...
* * #...####
#Z#.* #..**
,..... ## *
* *Z#. ## J
. , * , * **


You could see a water moccasin and a centaur skeleton.

Vanquished Creatures
  An ogre (D:4)
  A hound (D:3)
  A howler monkey zombie (D:3)
  2 gnolls (D:1)
  A worm (D:3)
  2 dart slugs
  2 orcs
  8 ball pythons
  4 bats
  6 endoplasms
  2 giant cockroaches (D:1)
  11 goblins
  6 hobgoblins
  4 jackals (D:3)
  A quokka (D:1)
  3 frilled lizards
  5 kobolds
  3 rats
63 creatures vanquished.

Notes
Turn   | Place    | Note
-------+----------+-------------------------------------------
     0 | D:1      | midi the Deep Dwarf Necromancer began the quest for the
                  | Orb.
     0 | D:1      | Reached XP level 1. HP: 15/15 MP: 3/3
    80 | D:1      | Reached XP level 2. HP: 22/22 MP: 0/4
   354 | D:1      | Reached skill level 5 in Necromancy
   407 | D:1      | Reached XP level 3. HP: 19/28 MP: 2/6
  1745 | D:2      | Found a blossoming altar of Fedhas.
  2255 | D:3      | Found a burning altar of Makhleb.
  2261 | D:3      | Became a worshipper of Makhleb the Destroyer
  2648 | D:3      | Reached XP level 4. HP: 25/36 MP: 2/7
  4062 | D:4      | Noticed an ogre
  4078 | D:4      | Killed an ogre
  4079 | D:4      | Reached XP level 5. HP: 24/42 MP: 1/9
  4179 | D:4      | Found a broken altar of Ashenzari.
  4418 | D:4      | Reached * piety under Makhleb
  4504 | D:4      | Found a blossoming altar of Fedhas.
  4626 | D:4      | You fall into a shaft and drop 3 floors!
  4629 | D:7      | Noticed a water moccasin
  4641 | D:7      | Slain by a water moccasin

Illustrated notes

Levels and vault maps discovered:
D:1:      mainiacjoe_arrival_reflecting_pool, layout_loops_ring,
          minmay_misc_feat_pillars
D:2:      layout_loops_cross, fedhas_altar_2
D:3:      layout_basic, bloody_makhleb
D:4:      kennysheep_the_goblin_king, layout_loops_ring,
          nicolae_ashenzari_panopticon, lemuel_doored_altar,
          kennysheep_flooded_box, due_unseen_surprise
D:7:      minmay_spotlight, layout_rooms, bloody_trog, general_overflow_altar,
          uniq_harold, uniq_maggie, uniq_crazy_yiuf_cottage

Skill      XL: |  1  2  3  4 |
---------------+-------------+-----
Spellcasting   | 2 3 |  3.1
Necromancy     | 5 |  5.8
Dodging        | 3 |  3.3
Fighting       | |  0.2
Polearms       | |  0.7
Stealth        | |  2.9

Action                   |  1- 3 |  4- 6 || total
-------------------------+-------+-------++-------
Melee: Spear             |    61 |    18 ||    79
       Staff             |       |     3 ||     3
 Cast: Pain              |    52 |    45 ||    97
 Abil: Heal Wounds       |     2 |     2 ||     4
 Stab: Sleeping          |     1 |       ||     1
Armor: Robe              |    20 |     3 ||    23
Dodge: Dodged            |    43 |    13 ||    56

Table legend: (Time is in decaauts)
 A = Elapsed time spent in this place.
 B = Non-inter-level travel time spent in this place.
 C = Inter-level travel time spent in this place.
 D = Time resting spent in this place.
 E = Time spent auto-exploring this place.
 F = Levels seen in this place.
 G = Mean time per level.
                   A        B        C        D        E       F      G
               +--------+--------+--------+--------+--------+-----+--------+
         Total |   4648 |   4444 |    204 |    563 |   3179 |   5 |  929.6 |
       Dungeon |   4648 |   4444 |    204 |    563 |   3179 |   5 |  929.6 |
               +--------+--------+--------+--------+--------+-----+--------+

Top non-repeatable levels by time:
     D:3: 1708 daAuts
     D:1: 1494 daAuts
     D:4: 727 daAuts
     D:2: 701 daAuts
     D:7: 15 daAuts
